 Dungeon Crawl Stone Soup version 0.19.3-1-g3169bf9 (webtiles) character file.

2483 Alarkh the Cleaver (level 9, 69/69 HPs)
             Began as a Demonspawn Monk on Jan 26, 2017.
             Was a Priest of Okawaru.
             Quit the game on level 8 of the Dungeon.
             The game lasted 00:12:42 (9595 turns).

Alarkh the Cleaver (Demonspawn Monk)                Turns: 9595, Time: 00:12:43

Health: 69/69      AC:  6    Str: 10 (12) XL:     9   Next: 27%
Magic:  9/9        EV:  9    Int: 14 (17) God:    Okawaru [***...]
Gold:   319        SH: 17    Dex: 15      Spells: 0 memorised, 8 levels left

rFire  . . .     SeeInvis .     u - +0 spear (venom)
rCold  . . .     Gourm    .     b - +0 robe
rNeg   . . .     Faith    +     x - +5 large shield "Remub" {Regen+ rCorr Int+2}
rPois  +         Spirit   .     A - +0 helmet
rElec  .         Reflect  .     t - +0 cloak
rCorr  +         Harm     .     (no gloves)
MR     .....                    (no boots)
Stlth  +++.......               h - amulet of faith
                                F - +1 ring of protection
                                y - ring of poison resistance

@: no status effects
A: claws 1, rugged brown scales 1, nightstalker 1, rot immunity
a: Heroism, Renounce Religion


You were on level 8 of the Dungeon.
You worshipped Okawaru.
Okawaru was most pleased with you.
You were not hungry.

You visited 2 branches of the dungeon, and saw 9 of its levels.

You collected 319 gold pieces.

Inventory:

Hand Weapons
 a - a +0 hand axe
 u - a +0 spear of venom (weapon)
Armour
 b - a +0 robe (worn)
 t - a +0 cloak (worn)
 x - the +5 large shield "Remub" (worn) {Regen+ rCorr Int+2}
   (You found it on level 6 of the Dungeon)

   It affects your intelligence (+2).
   It increases your rate of regeneration.
   It protects you from acid and corrosion.
 A - a +0 helmet (worn)
Jewellery
 g - an uncursed ring of positive energy
 h - an amulet of faith (around neck)
 j - an uncursed ring of protection from cold
 y - a ring of poison resistance (left claw)
 B - an uncursed ring of ice
 F - a +1 ring of protection (right claw)
Wands
 v - a wand of acid (4/15)
 E - a wand of paralysis (10/24)
Scrolls
 e - a scroll of identify
 f - 3 scrolls of recharging
 k - 2 scrolls of random uselessness {unknown}
 l - a scroll of immolation {unknown}
 n - 4 scrolls of teleportation
 o - 2 scrolls of enchant armour {unknown}
 p - 3 scrolls of remove curse
 s - a scroll of fog {unknown}
 w - a scroll of magic mapping {unknown}
 z - a scroll of noise {unknown}
 H - a scroll of brand weapon {unknown}
Potions
 d - 2 potions of mutation
 C - a potion of cancellation
 G - a potion of curing
Comestibles
 c - 5 bread rations
 i - 2 meat rations
 m - 3 beef jerkies
 q - a slice of pizza
 r - 3 fruits
 D - 8 chunks of flesh


   Skills:
 + Level 4.8 Fighting
 * Level 10.7 Axes
 - Level 2.6 Dodging
 - Level 1.7 Stealth
 + Level 3.0 Shields


You had 8 spell levels left.
You didn't know any spells.

Dungeon Overview and Level Annotations

Branches:
Dungeon (8/15)             Temple (1/1) D:6
   Lair: D:8-11

Altars:
Ashenzari
Cheibriados
Dithmenos
Elyvilon
Fedhas
Gozag
Hepliaklqana
Kikubaaqudgha
Makhleb
Nemelex Xobeh
Okawaru
Qazlal
Ru
Sif Muna
Trog
Uskayaw
Vehumet
Xom
Yredelemnul
Zin
The Shining One


Innate Abilities, Weirdness & Mutations

You have sharp fingernails.
You are partially covered in rugged brown scales. (AC +1, +3% HP)
You are slightly more attuned to the shadows.
You are immune to rotting.


Message History

No target in view!
No target in view!
No target in view!
No target in view!
No target in view!
No target in view!
No target in view!
No target in view!
No target in view!
(D) Dungeon (T) Temple
Where to? (Enter - D:7, ? - help)
You see here 17 arrows.
There is an open door here.
There is an open door here.
There is an open door here.
There is a stone staircase leading down here.
You climb downwards.
Found a club.
Found a stone staircase leading up.
There is a stone staircase leading up here.
Are you sure you want to abandon this character and quit the game? (Confirm with "yes".)

#....#
#....#
#....#
#....#
#....#
#....#
#.@..#
+.<..#
#....#
#....#
#....#
+..).#
#....#


There were no monsters in sight!

Vanquished Creatures
  Pikel (D:6)
  A wyvern (D:5)
  The ghost of Alarkh the Chopper, an amateur DsMo (D:5)
  Menkaure (D:4)
  A phantom (D:5)
  2 ogres (D:5)
  2 bullfrogs
  2 scorpions
  A water moccasin skeleton (D:5)
  A howler monkey (D:5)
  4 crimson imps
  Crazy Yiuf (D:3)
  2 orc priests
  2 bullfrog skeletons
  5 iguanas
  6 orc wizards
  9 worker ants
  A gnoll (D:1)
  11 adders
  2 howler monkey skeletons
  A shadow imp (D:7)
  An adder skeleton (D:4)
  7 worms
  4 dart slugs
  5 leopard geckos
  15 orcs
  10 giant cockroaches
  16 goblins
  10 hobgoblins
  8 jackals
  5 quokkas
  2 ball pythons
  4 bats
  7 frilled lizards
  10 kobolds
  A leopard gecko skeleton (D:4)
  2 quokka skeletons (D:4)
  7 rats
171 creatures vanquished.

Vanquished Creatures (others)
  An orc (D:6)
1 creature vanquished.

Grand Total: 172 creatures vanquished

Notes
Turn   | Place    | Note
-------+----------+-------------------------------------------
     0 | D:1      | Alarkh the Demonspawn Monk began the quest for the Orb.
     0 | D:1      | Reached XP level 1. HP: 18/18 MP: 1/1
    39 | D:1      | Reached skill level 3 in Axes
   121 | D:1      | Gained mutation: You have sharp fingernails. [demonic ancestry]
   121 | D:1      | Reached XP level 2. HP: 13/24 MP: 2/2
   681 | D:1      | Gained mutation: You are partially covered in rugged brown scales. (AC +1, +3% HP) [demonic ancestry]
   681 | D:1      | Reached XP level 3. HP: 24/29 MP: 3/3
  1024 | D:2      | Reached skill level 4 in Axes
  1671 | D:2      | Gained mutation: You are immune to rotting. [demonic ancestry]
  1671 | D:2      | Reached XP level 4. HP: 27/36 MP: 4/4
  2949 | D:2      | Reached skill level 5 in Axes
  3610 | D:3      | Gained mutation: You are slightly more attuned to the shadows. [demonic ancestry]
  3610 | D:3      | Reached XP level 5. HP: 11/42 MP: 5/5
  3922 | D:3      | Found a runed door.
  4965 | D:4      | Reached skill level 6 in Axes
  5021 | D:4      | Reached XP level 6. HP: 21/48 MP: 2/6
  5408 | D:4      | Noticed Menkaure
  5898 | D:4      | Reached skill level 7 in Axes
  6255 | D:3      | Reached XP level 7. HP: 8/53 MP: 7/7
  6629 | D:3      | Noticed Crazy Yiuf
  6644 | D:3      | Killed Crazy Yiuf
  6752 | D:5      | Entered Level 5 of the Dungeon
  7171 | D:5      | Reached skill level 8 in Axes
  7220 | D:5      | Noticed a wyvern
  7229 | D:5      | Killed a wyvern
  7450 | D:5      | Reached skill level 9 in Axes
  7450 | D:5      | Reached XP level 8. HP: 26/59 MP: 8/8
  7826 | D:5      | Noticed Alarkh's ghost (amateur DsMo)
  8086 | D:6      | Found a staircase to the Ecumenical Temple.
  8093 | Temple   | Entered the Ecumenical Temple
  8198 | Temple   | Became a worshipper of Warmaster Okawaru
  8198 | Temple   | Reached * piety under Okawaru
  8198 | Temple   | Reached ** piety under Okawaru
  8314 | D:6      | Got a transparent large shield
  8320 | D:6      | Identified the +5 large shield "Remub" {Regen+ rCorr Int+2} (You found it on level 6 of the Dungeon)
  8382 | D:6      | Noticed Pikel
  8406 | D:6      | Killed Pikel
  8406 | D:6      | Reached skill level 10 in Axes
  8866 | D:5      | Killed Alarkh's ghost
  8866 | D:5      | Reached XP level 9. HP: 56/66 MP: 7/9
  9276 | D:4      | Killed Menkaure
  9479 | D:7      | Reached *** piety under Okawaru
  9595 | D:8      | Quit the game

Skill      XL: |  1  2  3  4  5  6  7  8  9 |
---------------+----------------------------+-----
Axes           | 3 4 5 6 7 9 10 | 10.7
Shields        | 2 3 |  3.0
Fighting       | 4 |  4.8
Dodging        | |  2.6
Stealth        | |  1.7

Action                   |  1- 3 |  4- 6 |  7- 9 || total
-------------------------+-------+-------+-------++-------
Melee: Hand axe          |   102 |   291 |       ||   393
       Spear             |       |    73 |   355 ||   428
Invok: Heroism           |       |       |     2 ||     2
Evoke: Wand              |       |     1 |     4 ||     5
  Use: Potion            |     2 |     2 |     3 ||     7
       Scroll            |     1 |     3 |     3 ||     7
 Stab: Sleeping          |     4 |    17 |     5 ||    26
       Distracted        |       |     2 |     1 ||     3
  Eat: Chunk             |     2 |    15 |    11 ||    28
Armor: Robe              |     5 |    52 |    42 ||    99
Dodge: Dodged            |    59 |   204 |    79 ||   342
Block: Large shield      |       |       |   125 ||   125
